 Dungeon Crawl Stone Soup version 0.30-a0-169-g06f667207d (webtiles) character file.

Game seed: 2141144314492734334

134 qw the Chopper (level 5, -2/32 HPs)
             Began as a Gargoyle Fighter on Sept 30, 2022.
             Slain by a gnoll
             ... wielding a +0 spear
             ... led by a gnoll bouda
              (3 damage)
             ... on level 4 of the Dungeon.
             The game lasted 00:00:59 (2978 turns).

qw the Chopper (Gargoyle Fighter)                   Turns: 2978, Time: 00:00:59

Health: -2/32      AC: 10    Str: 22    XL:     5   Next: 17%
Magic:  5/5        EV:  9    Int:  8    God:
Gold:   210        SH:  4    Dex:  9    Spells: 4/4 levels left

rFire   . . .      SeeInvis .    Y - +1 war axe
rCold   . . .      Faith    .    c - +0 buckler
rNeg    + . .      Spirit   .    b - +0 scale mail
rPois   inf        Reflect  .    (no helmet)
rElec   +          Harm     .    (no cloak)
rCorr   .          Rampage  .    (no gloves)
Will    +....                    (no boots)
Stlth   ..........               (no amulet)
HPRegen 0.10/turn                m - ring of willpower
MPRegen 0.09/turn                (no ring)

@: weakened
A: sickness immunity, AC +4, negative energy resistance 1, electricity
resistance, torment resistance 1, petrification resistance
a: no special abilities


You were on level 4 of the Dungeon.
You visited 1 branch of the dungeon, and saw 4 of its levels.

You collected 210 gold pieces.


Innate Abilities, Weirdness & Mutations

You are immune to sickness and miasma.
Your stone body is resilient. (AC +4)
You are immune to poison.
You resist negative energy. (rN+)
You are resistant to electric shocks. (rElec)
You are resistant to unholy torment.
You are immune to petrification.


   Skills:
 - Level 3.2 Fighting
 + Level 4.5 Axes
 - Level 1.1 Throwing
 - Level 3.2 Armour
 - Level 3.2 Shields


You had 4 spell levels left.
You didn't know any spells.
Your spell library was empty.

Inventory:

Hand Weapons
 k - a +1 whip of electrocution
 Y - a +1 war axe (weapon)
Missiles
 a - a boomerang
 e - 4 silver javelins (quivered)
Armour
 b - a +0 scale mail (worn)
 c - a +0 buckler (worn)
Jewellery
 g - a ring of ice
 m - a ring of willpower (left hand)
Scrolls
 j - 2 scrolls of identify
Potions
 d - a potion of might
 f - a potion of curing
 h - a potion of haste
 i - 2 potions of resistance

Dungeon Overview and Level Annotations

Branches:
Dungeon (4/15)
 Temple: D:4-7

Altars:


Message History

The endoplasm freezes you.
You are frozen.
The gnoll bouda barks out a call to the hunt!
The gnolls pick up the pace!
The gnoll closely misses you.
Your Throwing skill increases to level 1!
You hit the endoplasm.
You kill the endoplasm!
You slash the gnoll! x2
You block the gnoll's attack. x2
You slash the gnoll!
You kill the gnoll!
You slash the gnoll!
You kill the gnoll!
The gnoll barely misses you. x2
You have reached level 5!
You slash the gnoll!
The gnoll is severely wounded.
You block the gnoll's attack. The gnoll closely misses you.
You slash the gnoll!
You kill the gnoll!
The gnoll closely misses you.
The gnoll bouda gazes fiercely through you!
You feel your attacks grow feeble.
You hit the gnoll bouda.
The gnoll bouda is moderately wounded.
The gnoll barely misses you. x2
The gnoll bouda hits you with a +0 whip.
The gnoll barely misses you.
The gnoll hits you from afar with a +0 spear!
You hit the gnoll bouda.
The gnoll bouda is heavily wounded.
The gnoll bouda hits you with a +0 whip.
You block the gnoll's attack.
The gnoll hits you from afar with a +0 spear!
The gnoll bouda closely misses you.
You barely miss the gnoll bouda.
The gnoll bouda is heavily wounded.
The gnoll hits you from afar with a +0 spear. x2
You die...

#..................+..
#..............#.#.#..
###...#####...........
#......##...#.......
#####.........#.........
..............##........
..............##gg>.....
...........#####)g.#
................@).+
...........#####...#
...........# ........
)..........# ....###...
#.#<..###### #....# ..
#.###.# #....# . #.....#
#....# ####..# #....# #
#..#


You could see a gnoll bouda and 2 gnolls.

Vanquished Creatures
  3 gnolls (D:4)
  An adder (D:3)
  An ufetubus (D:4)
  An adder zombie (D:2)
  2 worms
  2 dart slugs
  4 orcs (D:3)
  A bat skeleton (D:2)
  9 endoplasms
  4 giant cockroaches
  5 goblins
  7 hobgoblins
  5 jackals (D:1)
  9 kobolds
  2 quokkas (D:1)
  4 ball pythons (D:1)
  3 bats
  3 frilled lizards (D:1)
  A rat (D:2)
67 creatures vanquished.

Notes
Turn   | Place    | Note
-------+----------+-------------------------------------------
     0 | D:1      | qw the Gargoyle Fighter began the quest for the Orb.
     0 | D:1      | Reached XP level 1. HP: 14/14 MP: 1/1
     0 | D:1      | 0 ||| qw: Version: 0.2-a-12-gaebbb33
     0 | D:1      | 0 ||| qw: Game counter: 1362
     0 | D:1      | 0 ||| qw: Always use a shield: true
     0 | D:1      | 0 ||| qw: God list: Okawaru
     0 | D:1      | 0 ||| qw: Allow faded altars: false
     0 | D:1      | 0 ||| qw: Do Orc after D:15 true
     0 | D:1      | 0 ||| qw: Do second Lair branch before Depths: true
     0 | D:1      | 0 ||| qw: Lair rune preference: random
     0 | D:1      | 0 ||| qw: Plans: Normal, Zot:1-4, God:TSO, Crypt, Tomb,
                  | Pan, Slime:5, Hells, Abyss, Orb
     0 | D:1      | 0 ||| PLANNING D:1-11
    29 | D:1      | 29 ||| Stepping ~*~*~tactically~*~*~ (stealth).
    33 | D:1      | 33 ||| Stepping ~*~*~tactically~*~*~ (stealth).
    34 | D:1      | 34 ||| Stepping ~*~*~tactically~*~*~ (stealth).
    35 | D:1      | 35 ||| Stepping ~*~*~tactically~*~*~ (stealth).
    38 | D:1      | Reached skill level 2 in Axes
   206 | D:1      | Reached XP level 2. HP: 11/19 MP: 2/2
   330 | D:1      | 330 ||| DROPPING +0 club.
   758 | D:1      | 758 ||| Stepping ~*~*~tactically~*~*~ (stealth).
   771 | D:1      | Reached skill level 3 in Axes
   951 | D:1      | Found a faded altar of an unknown god.
   970 | D:1      | Reached XP level 3. HP: 22/23 MP: 3/3
  1001 | D:1      | 1001 ||| Stepping ~*~*~tactically~*~*~ (stealth).
  1121 | D:1      | 1121 ||| READING scroll labelled EZENNI OTIWN.
  1122 | D:1      | 1122 ||| READING scroll labelled VORUEWUETH.
  1126 | D:1      | 1126 ||| READING scroll labelled KONNIR XINEUTE.
  1127 | D:1      | 1127 ||| READING scroll labelled NUFYIG COEQARCH.
  1412 | D:2      | 1412 ||| Stepping ~*~*~tactically~*~*~ (hiding).
  1594 | D:2      | 1594 ||| Stepping ~*~*~tactically~*~*~ (stealth).
  1604 | D:2      | 1604 ||| Stepping ~*~*~tactically~*~*~ (stealth).
  1605 | D:2      | 1605 ||| Stepping ~*~*~tactically~*~*~ (stealth).
  1631 | D:2      | 1631 ||| Stepping ~*~*~tactically~*~*~ (stealth).
  1637 | D:2      | Reached XP level 4. HP: 28/28 MP: 4/4
  1639 | D:2      | 1639 ||| DROPPING +0 whip.
  1904 | D:2      | 1904 ||| READING scroll labelled LEUXAL UKAMUAX.
  2005 | D:2      | 2005 ||| READING scroll labelled TOTETH XOSSE.
  2006 | D:2      | 2006 ||| READING scroll labelled PORYWE JINGAET.
  2007 | D:2      | 2007 ||| DRINKING 2 dark potions.
  2060 | D:3      | Reached skill level 4 in Axes
  2074 | D:3      | 2074 ||| Stepping ~*~*~tactically~*~*~ (stealth).
  2076 | D:3      | 2076 ||| Stepping ~*~*~tactically~*~*~ (stealth).
  2078 | D:3      | 2078 ||| Stepping ~*~*~tactically~*~*~ (stealth).
  2080 | D:3      | 2080 ||| Stepping ~*~*~tactically~*~*~ (stealth).
  2082 | D:3      | 2082 ||| Stepping ~*~*~tactically~*~*~ (stealth).
  2084 | D:3      | 2084 ||| Stepping ~*~*~tactically~*~*~ (stealth).
  2086 | D:3      | 2086 ||| Stepping ~*~*~tactically~*~*~ (stealth).
  2088 | D:3      | 2088 ||| Stepping ~*~*~tactically~*~*~ (stealth).
  2090 | D:3      | 2090 ||| Stepping ~*~*~tactically~*~*~ (stealth).
  2092 | D:3      | 2092 ||| Stepping ~*~*~tactically~*~*~ (stealth).
  2094 | D:3      | 2094 ||| Stepping ~*~*~tactically~*~*~ (stealth).
  2114 | D:3      | 2114 ||| Stepping ~*~*~tactically~*~*~ (stealth).
  2115 | D:3      | 2115 ||| Stepping ~*~*~tactically~*~*~ (stealth).
  2479 | D:3      | 2479 ||| Stepping ~*~*~tactically~*~*~ (stealth).
  2483 | D:3      | 2483 ||| Stepping ~*~*~tactically~*~*~ (stealth).
  2832 | D:3      | 2832 ||| UPGRADING to ring of willpower.
  2833 | D:3      | 2833 ||| READING scroll labelled MASMORATER.
  2834 | D:3      | 2834 ||| READING scroll labelled JEOHUBR BESHRAPH.
  2882 | D:3      | 2882 ||| READING scroll labelled ULEATI WIPSUS.
  2883 | D:3      | 2883 ||| READING 4 scrolls of identify.
  2883 | D:3      | 2883 ||| IDENTIFYING white potion
  2884 | D:3      | 2884 ||| READING 3 scrolls of identify.
  2884 | D:3      | 2884 ||| IDENTIFYING cyan potion
  2888 | D:4      | Noticed Eustachio
  2972 | D:4      | Reached skill level 1 in Throwing
  2974 | D:4      | Reached XP level 5. HP: 23/32 MP: 5/5
  2977 | D:4      | HP: 3/32 [gnoll/+0 spear[a gnoll bouda] (7)]
  2978 | D:4      | HP: 1/32 [gnoll/+0 spear[a gnoll bouda] (3)]
  2978 | D:4      | Slain by a gnoll

Levels and vault maps discovered:
D:1:      mrwooster_arrival_statue, layout_basic,
          hellmonk_ecumenical_altar_dog_temple
D:2:      layout_rooms, serial_undead, serial_undead_a, serial_undead_a,
          serial_undead_c, serial_undead_e, small_statue_intersection,
          minmay_cut_off
D:3:      layout_loops_ring
D:4:      layout_basic, gammafunk_ghost_cemetery, uniq_eustachio

Skill      XL: |  1  2  3  4 |
---------------+-------------+-----
Axes           | 2 3 4 |  4.5
Throwing       | 1 |  1.1
Fighting       | |  3.2
Armour         | |  3.2
Shields        | |  3.2

Action                   |  1- 3 |  4- 6 || total
-------------------------+-------+-------++-------
Melee: War axe           |    99 |    51 ||   150
Throw: Javelin           |       |    18 ||    18
  Use: Scroll            |     4 |     8 ||    12
       Potion            |       |     1 ||     1
Armor: Scale mail        |    43 |    19 ||    62
Dodge: Dodged            |    54 |    25 ||    79
Block: Buckler           |    26 |    10 ||    36

Table legend:
 A = Non-vault XP
 B = Vault XP
 C = Vault XP percentage of total XP
 D = Non-vault monster count
 E = Vault monster count
 F = Vault count percentage of total count
                 A         B        C        D         E       F
            +---------+---------+-------+---------+---------+-------
      Total |     170 |      22 |  11.5 |      58 |       9 |  13.4
            +---------+---------+-------+---------+---------+-------
        D:1 |      38 |       6 |  13.6 |      24 |       3 |  11.1
        D:2 |      24 |      16 |  40.0 |      10 |       6 |  37.5
        D:3 |      53 |       0 |   0.0 |      18 |       0 |   0.0
        D:4 |      55 |       0 |   0.0 |       6 |       0 |   0.0
            +---------+---------+-------+---------+---------+-------
